 Dungeon Crawl Stone Soup version 0.27-a0-1193-g8631133539 (webtiles) character file.

Game seed: 11594341465867841153

110 karkarkar the Skirmisher (level 4, -4/41 HPs)
             Began as a Minotaur Berserker on May 25, 2021.
             Was a Believer of Trog.
             Slain by an orc
             ... wielding a +0 flail
              (8 damage)
             ... on level 3 of the Dungeon on May 26, 2021.
             The game lasted 00:05:35 (2745 turns).

karkarkar the Skirmisher (Minotaur Berserker)       Turns: 2745, Time: 00:05:38

Health: -4/41      AC:  3    Str: 23    XL:     4   Next: 61%
Magic:  3/3        EV: 11    Int:  4    God:    Trog [**....]
Gold:   79         SH:  3    Dex:  9    Spells: 3/3 levels left

rFire    . . .     SeeInvis .   a - +0 mace
rCold    . . .     Faith    .   c - +0 buckler
rNeg     . . .     Spirit   .   i - +0 leather armour
rPois    .         Reflect  .   (helmet restricted)
rElec    .         Harm     .   (no cloak)
rCorr    .         Rampage  .   (no gloves)
Will     ++...                  (no boots)
Stlth    +.........             (no amulet)
HPRegen  1.13/turn              (no ring)
MPRegen  0.08/turn              (no ring)

@: strong-willed (expiring), on berserk cooldown, regenerating (expiring),
slowed, very slow
A: horns 2, retaliatory headbutt
a: Renounce Religion, Berserk, Trog's Hand


You were on level 3 of the Dungeon.
You worshipped Trog.
Trog was pleased with you.
You visited 1 branch of the dungeon, and saw 3 of its levels.

You collected 79 gold pieces.

Inventory:

Hand Weapons
 a - a +0 mace (weapon)
Armour
 c - a +0 buckler (worn)
 i - a +0 leather armour (worn)
Jewellery
 n - a ring of resist corrosion
Scrolls
 b - a scroll of noise
 e - a scroll of immolation
 g - a scroll of summoning
 k - a scroll of amnesia {unknown}
 l - a scroll of silence {unknown}
 m - 2 scrolls of teleportation
Potions
 d - a potion of curing {unknown}
 f - a potion of flight {unknown}
 h - a potion of brilliance
 j - a potion of degeneration {unknown}
 o - a potion of magic {unknown}


   Skills:
 + Level 4.7 Fighting
 + Level 4.6 Maces & Flails
 + Level 3.4 Armour
 + Level 2.8 Dodging
 + Level 0.6 Shields


You had 3 spell levels left.
You didn't know any spells.
Your spell library was empty.

Dungeon Overview and Level Annotations

Branches:
Dungeon (3/15)

Altars:
Gozag
Trog

Shops:
D:1 [   D:2 :


Innate Abilities, Weirdness & Mutations

You have a pair of horns on your head.
You reflexively headbutt those who attack you in melee.


Message History

The orc barely misses you. You furiously retaliate!
You headbutt the orc!
You kill the orc!
Trog accepts your kill.
The orc priest hits you but does no damage.
The orc priest hits you with a +0 dagger.
* * * LOW HITPOINT WARNING * * *
You hit the orc priest.
The orc priest is heavily wounded.
The orc wizard hits you but does no damage.
The orc priest misses you.
The orc wizard points at itself and mumbles some strange words.
The orc wizard flickers and vanishes!
Deactivating autopickup; reactivate with Ctrl-A.
The orc priest closely misses you.
You hit the orc priest.
The orc priest is severely wounded.
You feel the effects of Trog's Hand fading.
The orc priest looks braver for a moment.
Something hits you.
* * * LOW HITPOINT WARNING * * *
The orc priest hits you with a +0 dagger.
* * * LOW HITPOINT WARNING * * *
You hit the orc priest. Your headbutt misses the orc priest.
The orc priest is almost dead.
Something hits you.
* * * LOW HITPOINT WARNING * * *
The orc hits you but does no damage.
The orc priest hits you but does no damage.
Something hits you.
* * * LOW HITPOINT WARNING * * *
The orc hits you with a +0 flail.
* * * LOW HITPOINT WARNING * * *
The orc priest barely misses you.
You hit the orc priest.
You kill the orc priest!
Trog accepts your kill. Something hits you.
* * * LOW HITPOINT WARNING * * *
The orc hits you with a +0 flail!
You die...

.o. .# ..#.#
...# #.###..#
#......#
#####.## #)#
######o##
#....)@.#
#.#####.# #.#
#.# #.# #.#
#.# #.#
#.#####.#
#.......#
##......#
######.#.##...


You could see an orc.

Vanquished Creatures
  An orc priest (D:3)
  A gnoll (D:1)
  3 adders (D:2)
  2 worms
  2 dart slugs
  3 orcs (D:3)
  5 endoplasms
  5 hobgoblins
  7 jackals
  2 quokkas (D:2)
  7 ball pythons
  2 bats
  2 frilled lizards
  7 goblins
  4 kobolds
  7 rats
60 creatures vanquished.

Notes
Turn   | Place    | Note
-------+----------+-------------------------------------------
     0 | D:1      | karkarkar the Minotaur Berserker began the quest for the
                  | Orb.
     0 | D:1      | Reached XP level 1. HP: 19/19 MP: 0/0
    30 | D:1      | Found a faded altar of an unknown god.
   350 | D:1      | Reached XP level 2. HP: 16/27 MP: 1/1
   510 | D:1      | Found Ushrei's Armour Shop.
   942 | D:1      | Reached XP level 3. HP: 33/34 MP: 2/2
  1425 | D:2      | Found Xotiwadgh's Book Boutique.
  1598 | D:2      | Reached XP level 4. HP: 41/41 MP: 3/3
  2154 | D:3      | Reached ** piety under Trog
  2458 | D:3      | Found an opulent altar of Gozag.
  2634 | D:3      | Found a bloodstained altar of Trog.
  2745 | D:3      | Slain by an orc

Illustrated notes

Levels and vault maps discovered:
D:1:      minmay_arrival_hallway, layout_basic, basic_ecumenical_altar,
          serial_shops, nicolae_shop_waterfront
D:2:      layout_basic, serial_shops, shop_statue
D:3:      layout_loops_cross, grunt_gozag_breadcrumbs, lemuel_doored_altar,
          hangedman_abyss_or_decor_stabs, minmay_ruptured

Skill      XL: |  1  2  3 |
---------------+----------+-----
Maces & Flails | 4 |  4.6
Fighting       | 4 |  4.7
Armour         | 3 |  3.4
Dodging        | |  2.8
Shields        | |  0.6

Action                   |  1- 3 |  4- 6 || total
-------------------------+-------+-------++-------
Melee: Mace              |    66 |    43 ||   109
       Headbutt          |    15 |     9 ||    24
Invok: Berserk           |       |     2 ||     2
       Trog's Hand       |       |     1 ||     1
  Use: Scroll            |       |     4 ||     4
       Potion            |       |     1 ||     1
Armor: Animal skin       |     5 |       ||     5
       Leather armour    |     4 |     7 ||    11
Dodge: Dodged            |    45 |    25 ||    70
Block: Buckler           |     8 |     8 ||    16

Table legend: (Time is in decaauts)
 A = Elapsed time spent in this place.
 B = Non-inter-level travel time spent in this place.
 C = Inter-level travel time spent in this place.
 D = Time resting spent in this place.
 E = Time spent auto-exploring this place.
 F = Levels seen in this place.
 G = Mean time per level.
                   A        B        C        D        E       F      G
               +--------+--------+--------+--------+--------+-----+--------+
         Total |   2787 |   2708 |     79 |     33 |   2301 |   3 |  929.0 |
       Dungeon |   2787 |   2708 |     79 |     33 |   2301 |   3 |  929.0 |
               +--------+--------+--------+--------+--------+-----+--------+

Top non-repeatable levels by time:
     D:1: 1175 daAuts
     D:2: 995 daAuts
     D:3: 617 daAuts
